 Dungeon Crawl Stone Soup version 0.16-a0-249-g5922f4d (webtiles) character file.

38 MRaven the Insei (level 3, 0/26 HPs)
             Began as a Merfolk Transmuter on Aug 22, 2014.
             Slain by a kobold
             ... wielding a +0 club
              (3 damage)
             ... on Level 1 of the Dungeon.
             The game lasted 00:10:49 (2444 turns).

MRaven the Insei (Merfolk Transmuter)               Turns: 2444, Time: 00:10:49

HP   0/26        AC  2     Str 10      XL: 3   Next: 43%
MP   3/6         EV 21     Int 13      God:
Gold 62          SH  0     Dex 19      Spells:  2 memorised,  2 levels left

rFire  . . .     SeeInvis .       - Unarmed
rCold  . . .     Clarity  .     c - melded +0 robe
rNeg   . . .     rCorr    .     (shield currently unavailable)
rPois  x         rRot     .     (helmet currently unavailable)
rElec  .         Spirit   .     (cloak currently unavailable)
SustAb .         Warding  .     (gloves currently unavailable)
rMut   .         Stasis   .     (boots currently unavailable)
Gourm  .                        (no amulet)
MR     .....                    (no ring)
                                f - -3 ring of slaying

@: spider-form, not resistant to hostile enchantments, unstealthy
A: (change form in water), (swift swim)
a: End Transformation


You were on level 1 of the Dungeon.
You were very hungry.
You were in spider-form.
You visited 1 branch of the dungeon, and saw 2 of its levels.

You collected 62 gold pieces.

Inventory:

Missiles
 b - 12 arrows
 e - 5 stones (quivered)
Armour
 c - a +0 robe (melded)
Comestibles
 a - a bread ration
Scrolls
 g - a scroll of remove curse
 h - 3 scrolls of identify
 j - a scroll of noise {unknown}
Jewellery
 f - a -3 ring of slaying (left front leg)
Books
 d - a book of Changes

   Spells                             Type                      Level
   *Beastly Appendage                 Transmutation                1
   Sticks to Snakes                   Transmutation                2
   *Spider Form                       Transmutation/Poison         3
   Ice Form                           Ice/Transmutation            4
   Blade Hands                        Transmutation                5


   Skills:
 + Level 1.5 Fighting
 - Level 2.6 Dodging
 * Level 4.4 Unarmed Combat
 - Level 2.0 Spellcasting
 + Level 3.1 Transmutations


You had 2 spell levels left.
You knew the following spells:

 Your Spells              Type           Power        Failure   Level  Hunger
a - Beastly Appendage     Trmt           #.....       24%         1    ##.....
b - Spider Form           Trmt/Pois      #.........   61%         3    ####...


Dungeon Overview and Level Annotations

Branches:
Dungeon (2/15)

Altars:
Trog


Message History

You hit the kobold but do no damage.
The kobold is heavily wounded.
The kobold completely misses you.
You hit the kobold.
The kobold is severely wounded.
The kobold hits you but does no damage.
You see here a stone.
You see here a stone.
Read which item? (? for menu, Esc to quit)
Okay, then.
There is a stone staircase leading up here.
The kobold hits you with a club.
* * * LOW HITPOINT WARNING * * *
You climb upwards.
There is a stone staircase leading down here.
Casting: Beastly Appendage
Confirm with . or Enter, or press ? or * to list all spells.
You turn into a venomous arachnid creature.
Your +0 robe melds into your body.
The kobold hits you with a club.
You die...

....##.<.....#....#....# #...#.#.
%....#.....##.....#....###...#...
#.....##.###...................#.
.##.....).....##.................
###...........##.#...............
##......####..##.#.#.#######.##.#
........#..(#.##.#.#.# #...##.#
........#.....##K#.#.#####...##.#
....##...#..#.#.s#.#.........##.#
.##.##...........#.#..#########.#
.#.............#.#........# #..
.#.....#########.#........# ###
.#.....#......##.#........#
.#........................#######
.#.....#......##.#...............
.#.....#......##.#.........######
.#.....#......##)#.........##....


You could see a kobold.

Vanquished Creatures
  An adder (D:2)
  2 bats (D:1)
  2 giant cockroaches
  7 goblins
  3 hobgoblins
  A ball python (D:1)
  2 giant newts
  5 kobolds
  9 rats
32 creatures vanquished.

Notes
Turn   | Place    | Note
--------------------------------------------------------------
     0 | D:1      | MRaven, the Merfolk Transmuter, began the quest for the Orb.
     0 | D:1      | Reached XP level 1. HP: 15/15 MP: 3/3
   435 | D:1      | Reached XP level 2. HP: 12/21 MP: 4/4
  1122 | D:1      | Reached skill level 4 in Unarmed Combat
  1658 | D:2      | Noticed a moth of wrath
  1660 | D:2      | Found a bloodstained altar of Trog.
  1684 | D:2      | Reached XP level 3. HP: 16/26 MP: 4/6
  1807 | D:1      | Learned a level 3 spell: Spider Form
  2444 | D:1      | Slain by a kobold

Action                   || total
-------------------------++-------
Melee: Unarmed           ||   175
 Cast: Beastly Appendage ||     6
       Spider Form       ||     1
  Use: Scroll            ||     2
       Potion            ||     1
  Eat: Chunk             ||     3
       Fruit             ||     1
